 Dungeon Crawl Stone Soup version 0.29-a0-490-g77b3608bb8 (webtiles) character file.

Game seed: 15353398748980098202

32 happo123 the Sneak (level 3, -5/20 HPs)
             Began as a Kobold Enchanter on May 26, 2022.
             Slain by Terence
             ... wielding a +0 trident
              (8 damage)
             ... on level 2 of the Dungeon.
             The game lasted 00:04:36 (902 turns).

happo123 the Sneak (Kobold Enchanter)                Turns: 902, Time: 00:04:36

Health: -5/20      AC:  4    Str:  5    XL:     3   Next: 42%
Magic:  6/7        EV: 15    Int: 18    God:
Gold:   87         SH:  0    Dex: 15    Spells: 2/7 levels left

rFire   + . .      SeeInvis .   a - +1 dagger
rCold   + . .      Faith    .   (no shield)
rNeg    . . .      Spirit   .   e - +2 robe {rC+ rF+}
rPois   .          Reflect  .   (no helmet)
rElec   .          Harm     .   (no cloak)
rCorr   .          Rampage  .   (no gloves)
Will    .....                   (no boots)
Stlth   ++++......              (no amulet)
HPRegen 0.06/turn               (no ring)
MPRegen 0.10/turn               (no ring)

@: no status effects
A: small, no large weapons, nightstalker 3
a: no special abilities


You were on level 2 of the Dungeon.
You visited 1 branch of the dungeon, and saw 2 of its levels.

You collected 87 gold pieces.

Inventory:

Hand Weapons
 a - a +1 dagger (weapon)
Armour
 e - a +2 robe of resistance (worn)
Scrolls
 b - a scroll of blinking {unknown}
 d - 2 scrolls of identify {unknown}
 f - a scroll of immolation {unknown}
 g - a scroll of noise {unknown}
Potions
 c - 2 potions of invisibility


   Skills:
 + Level 0.4 Fighting
 + Level 2.0 Short Blades
 + Level 2.7 Dodging
 + Level 4.2 Stealth
 * Level 2.7 Spellcasting
 * Level 3.3 Hexes


You had 2 spell levels left.
You knew the following spells:

 Your Spells              Type           Power      Damage    Failure   Level
a - Ensorcelled Hibernat  Hex/Ice        16%        N/A       13%         2
b - Tukima's Dance        Hex            14%        N/A       13%         3

Your spell library contained the following spells:

 Spells                   Type           Power      Damage    Failure   Level
 Sublimation of Blood     Necr           2%         N/A       26%         2
 Wereblood                Tmut           2%         N/A       26%         2
 Confusing Touch          Hex            14%        N/A       13%         3
 Dazzling Flash           Conj/Hex       16%        N/A       26%         3
 Summon Hydra             Summ           1%         N/A       100%        7


Dungeon Overview and Level Annotations

Branches:
Dungeon (2/15)

Altars:

Annotations:
D:2 Terence


Innate Abilities, Weirdness & Mutations

You are small and have problems with some larger weapons.
You are completely attuned to the shadows.


Message History

Terence hits you from afar with a +0 trident.
The frilled lizard attacks as you move away!
The frilled lizard closely misses you.
The frilled lizard attacks as you move away!
The frilled lizard misses you.
The frilled lizard attacks as you move away!
The frilled lizard closely misses you.
You miss the frilled lizard.
Terence says, "Time to say good-bye..."
The frilled lizard barely misses you.
The frilled lizard attacks as you move away!
The frilled lizard barely misses you.
The frilled lizard attacks as you move away!
The frilled lizard bites you but does no damage.
Aiming: Ensorcelled Hibernation (safe; 13% risk of failure)
Press: ? - help, Q - select action Shift-Dir - straight line, f - Terence
Aim: Terence, wielding a +0 trident and wearing a +0 ring mail (chance to affect: 50%) Terence looks drowsy...
The frilled lizard completely misses you.
The frilled lizard barely misses you. Terence hits you with a +0 trident.
You closely miss Terence. Terence closely misses you.
The frilled lizard barely misses you.
You barely miss Terence.
The frilled lizard bites you but does no damage.
Terence closely misses you.
You closely miss Terence. Terence barely misses you.
The frilled lizard closely misses you.
You barely miss Terence. Terence hits you with a +0 trident.
The frilled lizard completely misses you.
You closely miss Terence. The frilled lizard closely misses you.
Terence misses you.
You hit Terence but do no damage.
The frilled lizard bites you but does no damage.
Terence hits you with a +0 trident!
* * * LOW HITPOINT WARNING * * *
You closely miss Terence. You closely miss Terence.
The frilled lizard misses you. Terence hits you with a +0 trident!
You die...

#....## #......# #......#
#......## .# #.@...... .#
#.@l...## .# #.#...... .#
#.##.#### .#### #.##.#
....# #.# #.##.# ....#
#.####.#...
....######......#########
.........†...............


You could see Terence and a frilled lizard.

Vanquished Creatures
  A dart slug (D:1)
  2 ball pythons (D:1)
  5 bats
  3 endoplasms (D:1)
  2 giant cockroaches (D:1)
  A goblin (D:2)
  2 hobgoblins (D:1)
  A quokka (D:1)
  4 frilled lizards
  5 kobolds (D:1)
  3 rats
29 creatures vanquished.

Notes
Turn   | Place    | Note
-------+----------+-------------------------------------------
     0 | D:1      | happo123 the Kobold Enchanter began the quest for the Orb.
     0 | D:1      | Reached XP level 1. HP: 10/10 MP: 3/3
   139 | D:1      | Reached XP level 2. HP: 15/15 MP: 5/5
   142 | D:1      | Learned a level 2 spell: Ensorcelled Hibernation
   459 | D:1      | Reached XP level 3. HP: 20/20 MP: 6/6
   775 | D:1      | Learned a level 3 spell: Tukima's Dance
   874 | D:2      | Noticed Terence
   902 | D:2      | Slain by Terence

Illustrated notes

Levels and vault maps discovered:
D:1:      lightli_molten_gateway, layout_basic, minmay_curled_crystal
D:2:      cheibrodos_pilgrimage, layout_basic,
          hellmonk_ecumenical_altar_watching_god, minivault_4,
          due_unseen_surprise, uniq_terence

Skill      XL: |  1  2  3 |
---------------+----------+-----
Short Blades   | 2 |  2.0
Fighting       | |  0.4
Dodging        | |  2.7
Stealth        | |  4.2
Spellcasting   | |  2.7
Hexes          | |  3.3

Action                   || total
-------------------------++-------
Melee: Dagger            ||    51
 Cast: Ensorcelled Hiber ||     4
 Stab: Sleeping          ||    23
Armor: Robe              ||    10
Dodge: Dodged            ||    36

Table legend: (Time is in decaauts)
 A = Elapsed time spent in this place.
 B = Non-inter-level travel time spent in this place.
 C = Inter-level travel time spent in this place.
 D = Time resting spent in this place.
 E = Time spent auto-exploring this place.
 F = Levels seen in this place.
 G = Mean time per level.
                   A        B        C        D        E       F      G
               +--------+--------+--------+--------+--------+-----+--------+
         Total |    898 |    791 |    107 |      0 |    583 |   2 |  449.0 |
       Dungeon |    898 |    791 |    107 |      0 |    583 |   2 |  449.0 |
               +--------+--------+--------+--------+--------+-----+--------+

Top non-repeatable levels by time:
     D:1: 773 daAuts
     D:2: 124 daAuts
